Map: Tropical Sacrifice

Players

BurgrFlipper - Winner!

  • Race: Terran Terran
  • League: Grandmaster
  • Spawn Location: 1:00

eGGz

  • Race: Zerg Zerg
  • League: Master
  • Spawn Location: 7:00

VOD

Have the link to the VOD?

Description

my one win in the finals

Time

  • Played on: Oct. 29, 2022, 9:05 p.m.
  • Length: 16:54
Show
View Real Time Build Order
Export as new Build Order

BurgrFlipper Terran - Winner!

Build Orders:  

Get SALT Encoding   

  12  0:00  SCV  
  13  0:12  SCV  
  14  0:17  Supply Depot  
  14  0:25  SCV  
  15  0:29  Refinery  
  15  0:39  SCV  
  16  0:45  Barracks  
  16  0:51  SCV  
  17  1:03  SCV  
  18  1:16  SCV  
  19  1:28  SCV  
  20  1:33  Reaper  
  21  1:41  Orbital Command  
  21  1:48  Command Center  
  21  1:58  Factory  
  21  2:07  SCV  
  22  2:09  Barracks Reactor  
  22  2:13  Supply Depot  
  22  2:19  SCV  
  23  2:25  Refinery  
  23  2:34  SCV  
  24  2:47  SCV  
  24  2:51  Starport  
  24  2:59  Barracks Tech Lab, Hellion x2, SCV  
  24  3:01  Orbital Command  
  29  3:12  Starport  
  29  3:15  SCV  
  30  3:25  Hellion  
  32  3:32  SCV  
  34  3:34  SCV  
  34  3:37  Marine  
  34  3:39  Fusion Core  
  35  3:44  SCV  
  36  3:50  Supply Depot  
  36  3:54  Hellion x2  
  41  3:55  SCV  
  41  3:58  SCV  
  41  4:02  Marine  
  43  4:05  Starport Tech Lab  
  43  4:07  SCV  
  43  4:09  Refinery  
  44  4:10  SCV  
  44  4:16  Supply Depot  
  45  4:19  SCV  
  45  4:22  SCV  
  47  4:32  SCV  
  47  4:36  Battlecruiser  
  47  4:37  SCV  
  55  4:44  Hellion x2  
  57  5:00  Supply Depot  
  57  5:03  SCV x2  
  57  5:18  SCV  
  57  5:20  SCV  
  65  5:21  Battlecruiser  
  65  5:24  Command Center  
  65  5:30  SCV  
  65  5:32  SCV  
  65  5:34  Refinery  
  67  5:39  Hellion x2  
  67  5:42  SCV  
  78  5:50  Battlecruiser  
  78  5:58  SCV x2  
  78  6:01  Supply Depot  
  80  6:10  SCV x2  
  82  6:22  SCV x2  
  80  6:27  Battlecruiser  
  80  6:30  Hellion  
  80  6:31  Hellion  
  88  6:33  Supply Depot  
  88  6:34  SCV x2  
  88  6:37  Weapon Refit  
  90  6:45  Orbital Command  
  90  6:46  SCV x2  
  92  6:53  Armory  
  92  6:58  SCV  
  93  7:19  Battlecruiser  
  101  7:23  Hellion x2  
  103  7:31  Supply Depot  
  103  7:36  Supply Depot  
  101  7:57  SCV x3  
  104  7:59  Factory  
  104  8:00  Terran Vehicle And Ship Armor Level 1  
  104  8:02  Engineering Bay, Factory, Supply Depot  
  104  8:06  Hellion x2  
  104  8:09  SCV x2  
  110  8:14  Engineering Bay  
  104  8:36  Orbital Command, Battlecruiser  
  104  8:37  SCV, Hellion x2  
  115  8:53  Refinery  
  115  8:54  SCV  
  116  8:56  Refinery  
  116  8:57  Factory Tech Lab x2  
  116  8:58  Starport Tech Lab  
  116  8:59  SCV  
  116  9:01  SCV  
  118  9:06  SCV  
  112  9:31  Cyclone x2  
  108  9:33  SCV x3  
  111  9:45  Battlecruiser, SCV  
  118  9:47  SCV x2  
  120  9:57  Mag-Field Accelerator, SCV  
  121  10:03  Cyclone  
  124  10:13  SCV  
  125  10:15  Missile Turret x2  
  125  10:18  Missile Turret  
  125  10:19  Missile Turret x2  
  125  10:25  Cyclone, Hellion  
  125  10:26  Viking, Hellion  
  132  10:35  SCV  
  132  10:38  Terran Vehicle And Ship Armor Level 2  
  132  10:39  Factory  
  132  10:40  Factory, SCV  
  133  10:57  Cyclone, Hellion x2  
  133  10:58  Cyclone  
  133  11:00  SCV x2  
  132  11:07  Command Center  
  132  11:08  Command Center  
  126  11:15  SCV  
  127  11:24  Starport Reactor  
  127  11:33  Factory Reactor  
  127  11:34  Cyclone, Hellion x2  
  127  11:35  Cyclone  
  127  11:36  SCV  
  127  11:39  Infernal Pre-Igniter, Armory  
  138  11:53  Command Center  
  138  11:55  Hellion  
  140  12:01  Viking x2  
  140  12:04  Hellion x2  
  148  12:11  Supply Depot  
  148  12:12  Supply Depot  
  148  12:13  Cyclone x2  
  145  12:42  Cyclone, Hellion x3  
  145  12:43  Hellion  
  159  12:44  Battlecruiser  
  159  12:45  Cyclone  
  159  12:48  Terran Vehicle Weapons Level 1  
  159  12:50  Orbital Command  
  162  13:16  Cyclone x2, Hellion x3  
  169  13:27  SCV  
  169  13:34  Planetary Fortress  
  170  13:36  Hellion x2, Medivac x2  
  178  13:45  Missile Turret  
  178  13:46  Missile Turret  
  178  13:48  Cyclone x2  
  183  13:59  Cyclone, Hellion x3  
  155  14:17  Hellion  
  155  14:20  Cyclone x2, Hellion  
  163  14:25  Hellion x2  
  163  14:31  Thor  
  167  14:33  Command Center  
  167  14:38  Hellbat, SCV x2  
  177  14:52  Siege Tank  
  174  14:55  SCV  
  175  15:06  Siege Tank, Hellion x2  
  161  15:21  Cyclone, Hellion x2  
  157  15:25  Hellion  
  157  15:28  SCV, Hellion x2  
  157  15:29  SCV  
  155  15:38  Thor  
  138  15:51  Hellion  
  138  15:52  SCV x3, Hellion, Thor  
  138  15:53  SCV  
  152  15:57  Hellion  
  151  16:14  Hellion x2  
  146  16:26  SCV  
Show
View Real Time Build Order
Export as new Build Order

eGGz Zerg 

Build Orders: Hatch First 

Get SALT Encoding   

  12  0:00  Drone  
  13  0:13  Overlord  
  13  0:17  Drone  
  14  0:31  Drone x2  
  14  0:35  Drone  
  17  0:53  Hatchery  
  17  0:56  Drone  
  17  1:01  Drone  
  18  1:08  Extractor  
  17  1:15  Spawning Pool  
  16  1:18  Drone  
  16  1:22  Drone  
  18  1:28  Drone  
  20  1:40  Drone  
  20  1:51  Overlord  
  20  2:03  Queen  
  20  2:05  Queen  
  20  2:07  Drone  
  25  2:09  Metabolic Boost  
  25  2:11  Zergling x2  
  25  2:15  Drone  
  27  2:17  Zergling x2  
  28  2:40  Drone  
  28  2:47  Drone  
  28  2:48  Drone  
  28  2:49  Hatchery  
  30  2:51  Drone x2  
  30  2:52  Drone  
  32  2:58  Overlord  
  32  3:00  Drone  
  33  3:08  Queen  
  33  3:12  Drone  
  36  3:18  Drone  
  36  3:19  Drone x2  
  39  3:22  Drone  
  39  3:23  Drone  
  39  3:25  Drone  
  41  3:29  Zergling x4  
  43  3:35  Overlord  
  43  3:42  Overlord  
  43  3:53  Queen  
  43  3:55  Zergling x6  
  47  3:56  Zergling x2  
  47  4:01  Drone x3, Queen  
  47  4:02  Drone  
  55  4:06  Evolution Chamber  
  55  4:07  Evolution Chamber  
  55  4:08  Drone  
  54  4:12  Drone  
  54  4:13  Drone  
  56  4:18  Drone  
  56  4:19  Spore Crawler  
  56  4:20  Drone x2  
  56  4:22  Drone  
  56  4:23  Drone  
  60  4:28  Zergling x4  
  62  4:33  Zerg Ground Armor Level 1  
  61  4:45  Overlord  
  61  4:48  Lair  
  61  4:50  Drone x6, Spore Crawler  
  66  4:58  Overlord x2  
  66  5:01  Spore Crawler  
  66  5:03  Spore Crawler  
  66  5:05  Zergling x6  
  67  5:10  Zergling x8  
  71  5:14  Baneling Nest  
  71  5:18  Drone x2, Extractor  
  71  5:19  Extractor  
  70  5:24  Drone x3  
  73  5:32  Drone  
  73  5:33  Drone x2  
  76  5:36  Zergling x2  
  76  5:37  Zergling x10  
  82  5:44  Zerg Melee Weapons Level 1  
  82  5:45  Drone x3  
  85  5:50  Extractor  
  85  5:51  Drone, Extractor  
  85  5:52  Hatchery, Drone  
  85  5:54  Drone  
  85  5:55  Drone  
  86  6:00  Baneling x3  
  86  6:01  Queen  
  88  6:08  Drone  
  84  6:20  Drone  
  84  6:21  Drone x3  
  86  6:26  Drone, Spire  
  86  6:27  Drone x3  
  86  6:32  Overlord  
  89  6:33  Overlord  
  89  6:34  Overlord  
  89  6:36  Centrifugal Hooks  
  89  6:40  Extractor  
  89  6:42  Overlord  
  89  6:46  Spore Crawler  
  87  6:48  Drone x2, Spore Crawler, Overlord  
  87  6:49  Overseer  
  88  6:55  Overlord  
  88  7:01  Zergling x26  
  101  7:07  Spore Crawler  
  96  7:09  Baneling x5  
  88  7:25  Zergling x18  
  89  7:38  Corruptor  
  89  7:39  Corruptor x3  
  95  7:46  Corruptor x2  
  92  7:51  Corruptor  
  94  8:00  Corruptor  
  96  8:11  Corruptor  
  94  8:24  Corruptor  
  94  8:25  Extractor  
  94  8:26  Extractor  
  92  8:29  Corruptor  
  88  8:39  Drone x6  
  94  8:42  Drone x3, Hatchery  
  93  8:53  Corruptor x2, Spawning Pool  
  94  8:59  Drone x2  
  96  9:04  Drone  
  92  9:19  Corruptor x4  
  91  9:27  Corruptor  
  82  9:36  Overlord  
  80  9:40  Queen, Zergling x12  
  80  9:41  Queen  
  90  9:45  Corruptor  
  90  9:52  Zergling x4  
  94  9:53  Queen  
  94  9:55  Roach Warren  
  94  9:57  Corruptor  
  97  10:01  Zergling x2  
  97  10:05  Zergling x6  
  96  10:13  Zergling x6  
  85  10:22  Zergling x2  
  85  10:26  Zergling x4  
  86  10:30  Zergling x4  
  86  10:35  Zergling x4  
  87  10:37  Baneling x2  
  87  10:41  Zergling x4  
  88  10:46  Baneling x2  
  86  10:54  Zergling x8  
  86  10:55  Queen x2  
  90  11:01  Roach x4  
  95  11:06  Roach x2  
  95  11:11  Roach x2  
  102  11:17  Drone x2  
  102  11:26  Roach x2  
  102  11:30  Drone x2  
  108  11:41  Drone x5  
  108  11:42  Drone x3  
  108  11:44  Ravager x8  
  124  11:47  Queen  
  124  11:48  Queen  
  124  11:52  Overlord  
  124  11:53  Roach x3  
  134  11:56  Pneumatized Carapace  
  134  12:00  Corruptor  
  136  12:06  Overlord x2  
  136  12:08  Overlord  
  127  12:25  Zergling x24  
  127  12:27  Ravager x5  
  144  12:34  Overlord x3  
  144  12:36  Overlord  
  139  12:43  Overlord  
  139  12:44  Corruptor x2  
  143  12:59  Zergling x24  
  155  13:10  Corruptor  
  155  13:11  Corruptor x2  
  155  13:23  Corruptor x2  
  155  13:24  Corruptor x2  
  156  13:29  Zergling x8  
  156  13:37  Zergling x14  
  162  13:48  Baneling x8  
  162  13:49  Zergling x10  
  158  13:59  Zergling x14  
  161  14:05  Zergling x2  
  161  14:06  Zergling x2  
  149  14:16  Zergling x18  
  152  14:23  Baneling  
  149  14:24  Baneling x7  
  146  14:34  Zergling x4  
  146  14:35  Zergling x10  
  153  14:43  Zergling x6  
  153  14:45  Baneling x10  
  150  14:53  Zergling x8  
  134  15:08  Zergling x2  
  134  15:09  Zergling x14  
  136  15:16  Zergling x6  
  136  15:19  Baneling x3  
  136  15:20  Baneling x15  
  130  15:22  Overlord  
  130  15:24  Zergling x2  
  129  15:30  Roach x3  
  116  15:43  Zergling x8  
  116  15:48  Zergling x6  
  109  15:53  Zergling x2  
  109  15:56  Queen  
  109  15:57  Drone, Queen  
  115  16:05  Zergling x12  
  115  16:06  Ravager x2  
  115  16:07  Ravager  
  122  16:12  Zergling x2  
  122  16:13  Zergling x6  
  115  16:20  Zergling x2  
  110  16:28  Zergling x4  
  110  16:30  Baneling x7  
  110  16:32  Zergling x2  
  93  16:36  Zergling x4  
Tags
 
Add a new tag
Caveats
  • Supply blocks, unpowered buildings, or Contaminate may cause inaccurate times.
  • Supply counts are checked every 10 seconds.